 Dungeon Crawl Stone Soup version 0.29-a0-885-gb26ba3297d (webtiles) character file.

Game seed: 1853073687902896097

16 Nato the Insei (level 2, -1/27 HPs)
             Began as an Octopode Transmuter on July 21, 2022.
             Slain by Jessica
             ... wielding a +0 club
              (6 damage)
             ... on level 2 of the Dungeon.
             The game lasted 00:10:15 (1664 turns).

Nato the Insei (Octopode Transmuter)                Turns: 1664, Time: 00:10:16

Health: -1/27      AC: 21    Str:  9    XL:     2   Next: 58%
Magic:  4/5        EV:  2    Int: 15    God:
Gold:   112        SH:  0    Dex: 12    Spells: 5/6 levels left

rFire   . . .      SeeInvis .   j - +0 sling
rCold   . . .      Faith    .   (no shield)
rNeg    . . .      Spirit   .   (helmet currently unavailable)
rPois   +          Reflect  .   (no amulet)
rElec   .          Harm     .   h - ring of flight
rCorr   .          Rampage  .   (no ring)
Will    .....      NoTele   +   (no ring)
Stlth   +.........              (no ring)
HPRegen 0.09/turn               (no ring)
MPRegen 0.09/turn               (no ring)
                                (no ring)
                                (no ring)

@: tree-form
A: stationary, stasis, torment immunity, boosted hp, almost no armour,
(amphibious), 8 rings, (camouflage 1), (gelatinous body 1), (nimble swimmer 1),
(tentacles)
a: no special abilities


You were on level 2 of the Dungeon.
You were a tree.
You visited 1 branch of the dungeon, and saw 2 of its levels.

You collected 112 gold pieces.

Inventory:

Hand Weapons
 j - a +0 sling (weapon)
Jewellery
 h - a ring of flight (left branch)
Scrolls
 b - a scroll of teleportation {unknown}
 c - a scroll of fear {unknown}
 e - a scroll of identify {unknown}
Potions
 d - a potion of resistance {unknown}
 f - a potion of flight {unknown}
 g - a potion of curing {unknown}
 i - 3 potions of brilliance {unknown}


   Skills:
 - Level 1.0 Fighting
 - Level 2.0 Dodging
 - Level 3.0 Unarmed Combat
 + Level 2.8 Spellcasting
 - Level 2.1 Transmutations


You had 5 spell levels left.
You knew the following spells:

 Your Spells              Type           Power      Damage    Failure   Level
a - Beastly Appendage     Tmut           16%        N/A       9%          1

Your spell library contained the following spells:

 Spells                   Type           Power      Damage    Failure   Level
 Wereblood                Tmut           8%         N/A       13%         2
 Spider Form              Tmut/Pois      5%         N/A       36%         3
 Ice Form                 Ice/Tmut       5%         N/A       78%         4


Dungeon Overview and Level Annotations

Branches:
Dungeon (2/15)

Altars:
Makhleb

Annotations:
D:2 Jessica, Terence


Innate Abilities, Weirdness & Mutations

You are a tree.
Your roots penetrate the ground, keeping you stationary.
You cannot be teleported.
You are immune to unholy pain and torment.
Your maximum health is greatly increased.
You cannot wear most types of armour.
((You are amphibious.))
You can wear up to eight rings at the same time.
((Your skin changes colour to match your surroundings (Stealth+).))
((Your rubbery body absorbs attacks. (AC +1, EV +1)))
((You are camouflaged when in or above water. (Stealth+)))
((You have tentacles for arms and can constrict up to eight enemies at once.))


Message History

Jessica blinks!
Jessica gestures wildly while chanting.
Jessica blinks!
The bat closely misses you. The bat hits you but does no damage.
You shoot a sling bullet.
The sling bullet closely misses the bat.
The bat hits you. The bat misses you. Jessica barely misses you.
The bat hits you. The bat closely misses you.
Really attack while wielding your +0 sling? [Y]es or [N]o only, please.
Really attack while wielding your +0 sling? [Y]es or [N]o only, please.
Really attack while wielding your +0 sling? [Y]es or [N]o only, please.
Really attack while wielding your +0 sling?
You completely miss Jessica. You grab Jessica.
You constrict Jessica, but do no damage.
The bat closely misses you. x2; Jessica barely misses you.
The bat hits you. The bat hits you but does no damage.
Jessica closely misses you.
You miss the bat. Your grab misses the bat. You constrict Jessica.
The bat closely misses you. The bat barely misses you.
The bat completely misses you. Jessica hits you but does no damage.
The bat closely misses you.
Jessica points at you and mumbles some strange words.
Pain shoots through your body!
* * * LOW HITPOINT WARNING * * *
The bat enters a dispersal trap!
Jessica blinks free!
The bat blinks! x3
You blink.
The bat blinks!
The bat barely misses you.
Things that are here:
a hobgoblin corpse; a rat corpse You turn into a tree.
Your roots penetrate the ground.
The bat hits you but does no damage. x2; Jessica hits you but does no damage.
You are too injured to fight recklessly!
You are too injured to fight recklessly!
You closely miss Jessica.
Jessica is moderately wounded.
The bat hits you but does no damage. x2; Jessica hits you but does no damage.
Jessica hits you with a +0 club.
You die...

.###.)............######
...........##..........#
.........#..[..........#
.........##......^.....#
....#..### #.$........#
...###.## #..b.......#
.## #..## #..........# .
##..## #...@.b....#
##..# ####♣#..#### ##.#
##.#..# #.# ##..#..# #.#
#..##..# #.####.## ...
#...)..# =# ######.# #.#
###


You could see Jessica (fast) and 2 bats.

Vanquished Creatures
  3 ball pythons
  2 endoplasms
  A goblin (D:2)
  2 hobgoblins (D:2)
  4 kobolds
  2 bats
  A frilled lizard (D:1)
  2 rats
17 creatures vanquished.

Notes
Turn   | Place    | Note
-------+----------+-------------------------------------------
     0 | D:1      | Nato the Octopode Transmuter began the quest for the Orb.
     0 | D:1      | Reached XP level 1. HP: 13/13 MP: 3/3
   891 | D:1      | Found a faded altar of an unknown god.
  1098 | D:1      | Reached XP level 2. HP: 18/18 MP: 3/5
  1454 | D:2      | Noticed Terence
  1578 | D:2      | Found a burning altar of Makhleb.
  1641 | D:2      | Noticed Jessica
  1664 | D:2      | Slain by Jessica

Illustrated notes

Levels and vault maps discovered:
D:1:      zaba_arrival_water, layout_rooms, hellmonk_ecumenical_altar_blasted
D:2:      layout_rooms, basic_altar, uniq_jessica, uniq_terence

Action                   || total
-------------------------++-------
Melee: Unarmed           ||    30
       Kick              ||     8
       Tentacles         ||     2
       Punch             ||     1
       Constrict         ||     6
       Sling             ||     3
 Fire: Sling             ||    11
Throw: Stone             ||     8
 Cast: Beastly Appendage ||    12
  Use: Potion            ||     1
 Stab: Sleeping          ||     3
Armor: Skin              ||    14
Dodge: Dodged            ||    50

Table legend: (Time is in decaauts)
 A = Elapsed time spent in this place.
 B = Non-inter-level travel time spent in this place.
 C = Inter-level travel time spent in this place.
 D = Time resting spent in this place.
 E = Time spent auto-exploring this place.
 F = Levels seen in this place.
 G = Mean time per level.
                   A        B        C        D        E       F      G
               +--------+--------+--------+--------+--------+-----+--------+
         Total |   1673 |   1472 |    201 |    741 |    544 |   2 |  836.5 |
       Dungeon |   1673 |   1472 |    201 |    741 |    544 |   2 |  836.5 |
               +--------+--------+--------+--------+--------+-----+--------+

Top non-repeatable levels by time:
     D:1: 1479 daAuts
     D:2: 193 daAuts
